AoeStats
← Eenoon

Arena

510703301Analyzed
4v4 RM · 16h ago on Oct 2, 2026· 26m 37s· 8 players
Game mode
Random Map
Map size
Large (8 player)
Population
200
Speed
Normal
Resources
Standard
Victory
Conquest
Starting age
Dark Age
Ending age
Imperial Age
RankedLock teamsTeams togetherTeam positionsShared explorationLock speedFull tech treeHidden civsTurbo modeCheats
Victory
Defeat
🇹🇼 Franks · Taiwan
1101
+13
🇫🇷 Aztecs · France
1081
+14
🇲🇽 Saracens · Mexico
1056
+15
🇲🇽 Lithuanians · Mexico
1030
+16
🇨🇴 Varangians · Colombia
1115
-19
🇦🇷 Cumans · Argentina
1046
-15
🇲🇽 Spanish · Mexico
1030
-14
🇨🇱 Persians · Chile
914
-10
Gustatro
9:03 Loom
10:48 Feudal Age
13:29 Wheelbarrow
16:34 Castle Age
15:16 Double-Bit Axe
15:26 Stone Mining
25:33 Fletching
Speechless
13:14 Feudal Age
13:43 Loom
17:07 Castle Age
15:06 Double-Bit Axe
17:19 Town Watch
18:11 Wheelbarrow
17:58 Bow Saw
18:29 Gold Mining
20:05 Treadmill Crane
23:54 Fletching
25:45 Gold Shaft Mining
Eenoon
5:08 Loom
11:02 Feudal Age
12:23 Double-Bit Axe
14:59 Castle Age
12:50 Horse Collar
19:41 Bow Saw
20:12 Sanctity
22:11 Heavy Plow
23:25 Gold Mining
23:25 Stone Mining
25:15 Gold Shaft Mining
25:39 Stone Shaft Mining
26:47 Wheelbarrow
25:59 Town Watch
oOoOo_oO
5:26 Loom
11:26 Feudal Age
16:15 Castle Age
17:25 Double-Bit Axe
17:31 Gold Mining
19:02 Town Watch
Rebekam
0:49 Loom
10:09 Feudal Age
15:32 Castle Age
13:48 Double-Bit Axe
15:06 Horse Collar
26:48 Wheelbarrow
mauro15986208
10:50 Feudal Age
12:06 Loom
14:43 Castle Age
15:25 Double-Bit Axe
22:48 Town Watch
CELFRID
6:26 Loom
9:04 Feudal Age
14:27 Castle Age
12:50 Double-Bit Axe
15:17 Wheelbarrow
19:09 Horse Collar
20:47 Kamandaran
21:29 Crossbowman
Locote87
10:53 Feudal Age
13:48 Horse Collar
13:57 Double-Bit Axe
15:54 Bloodlines
18:31 Wheelbarrow
24:38 Castle Age
23:04 Scale Barding Armor
23:11 Forging
25:36 Hand Cart
25:08 Town Watch
25:48 Capped Ram
26:38 Heavy Plow
26:37 Gold Mining
27:00 Bow Saw
Connection lost

Rejoining the realm…

Still unreachable

The connection could not be restored.

Session expired

The server has moved on; the page needs a fresh start.